Workbook
Name Adm: 'PRESUPUESTO ALCALDIA'!$F$51
Name Imprev: 'PRESUPUESTO ALCALDIA'!$F$52
Name IvaSUtl: 'PRESUPUESTO ALCALDIA'!$F$56
Name SbtPpto: 'PRESUPUESTO ALCALDIA'!$G$22
Name TtlCD: 'PRESUPUESTO ALCALDIA'!$G$50
Name Utilidad: 'PRESUPUESTO ALCALDIA'!$F$53

Sheet PRESUPUESTO ALCALDIA
A1: 2015.1 | B1: 2022.1 | E1: www.sagut.com | F1: ="Duración Obra " & G80 & " Días" -> Duración Obra 30 Días | G1: =G73 -> 33765050 | H1: Unit CD | I1: Unit CT | J1: Decimales | K1: Durac | L1: CT | M1: CD | N1: CASA | O1: =B2 -> CD | P1: DOBLECLIC AQUÍ PARA OCULTAR | AF1: C1 | AG1: C2 | AH1: C3 | AI1: C4 | AJ1: C5 | AK1: C6 | AR1: Valor Final del Contrato $ | AS1: =AS73 -> 20563687 | AY1: Inicio | AZ1: Precios Base | CE1: =IF($A$2="CD",CG1,IF($A$2="CT",CH1,"Correg CT")) -> 0 | CF1: =ROUND(CD1 * CE1,$J$2) -> 0 | CI1: 1 | CK1: =ROUND(CH1 * CD1,$J$2) -> 0 | CL1: =ROUND(CG1 * CD1,$J$2) -> 0 | CM1: =CF1*$N$2 -> 0 | CS1: =CO1+CP1+CQ1+CR1 -> 0 | DF1: ="CAP. " & $B$14 & ": " & $C$14 -> CAP. 1: OBRAS | DG1: =ROW($B$14) -> 14 | DN1: =CD1 -> 0 | DP1: =DN1+DO1 -> 0 | DQ1: =CE1 -> 0 | DR1: =ROUND(DP1 * DQ1,$J$2) -> 0
A2: CD | B2: =IF($A$2="CD","CD",IF($A$2="CT","CT","")) -> CD | G2: =IF(#REF!=1,"CHEQ. INSUMOS","Insumos ok.") -> #REF! | H2: 2 | I2: 3 | J2: 0 | N2: 1 | AY2: Fin | BZ2: A | CA2: B | CB2: C | CC2: D | CD2: E | CE2: F | CF2: G | CG2: H | CH2: I | CI2: J | CJ2: K | CK2: L | CL2: M | CM2: N | CN2: O | CO2: P | CP2: Q | CQ2: R | CR2: S | CS2: T | CT2: U | CU2: V | CV2: W | CW2: X | CX2: Y | CY2: Z | CZ2: AA | DA2: AB | DB2: AC | DC2: AD | DD2: AE | DE2: AF | DF2: AG | DG2: AH | DH2: AI | DI2: AJ | DJ2: AK | DK2: AL | DL2: AM | DM2: AN | DN2: AO | DO2: AP | DP2: AQ | DQ2: AR | DR2: AS | DS2: AT | DT2: AU
AG4: ="CAP. " & $B$4 & ": " & $C$4 -> CAP. : | AH4: =ROW($B$4) -> 4
B7: ALCALDIA MUNICIPAL DE PATIA | E7: PRESUPUESTO | P7: ITEMS POR COMPONENTES | AO7: CANTIDADES DEFINITIVAS DE OBRA
E8: DE OBRA | P8: Otros | Q8: Equipo | R8: M. de Obra | S8: Materiales | T8: Unit CD | V8: 1 | AO8: PRESUP. | AP8: MODIF. | AQ8: CANT. DEFINIT. | AR8: VR.UNIT. | AS8: VR. DEFINIT.
B9: Obra: | C9: REALIZAR LA REPARACION DE LA CUBIERTA DEL INMUEBLE UBICADO EN LA CARRERA 3 No. 4-37 DE EL BORDO CAUCA DE PROPIEDAD DE LA ADMINISTRACION MUNICIPAL DE PATIA CAUCA. | F9: FECHA: | G9: =TODAY() -> 45861
A12: ENCAB | B12: ITEM | C12: DESCRIPCION | D12: UND | E12: CANT. | F12: VR. UNIT | G12: =IF(N2>1,"VR. / " &N1,"VR.TOTAL") -> VR.TOTAL | H12: C.D. | I12: C.T. | K12: DURAC | L12: VR. TOTAL | M12: VR. C.D. | N12: ="Vr. " & N2 & " " &N1& "S" -> Vr. 1 CASAS | P12: Otros | Q12: Equipo | R12: M. de Obra | S12: Materiales | T12: Unit CD | V12: 1 | AO12: PRESUP. | AP12: =[1]ACTAS!L12 -> #REF! | AQ12: CANT. DEFINIT. | AR12: VR.UNIT. | AS12: VR. DEFINIT.
A14: CAP | B14: 1 | C14: OBRAS | N14: =SUM(N15:N21) -> 24098072 | U14: =IF(G14<>"",N14-G14*$N$2,0) -> 0 | V14: . | AG14: ="CAP. " & $B$14 & ": " & $C$14 -> CAP. 1: OBRAS | AH14: =ROW($B$14) -> 14 | AS14: =SUM(AS15:AS21) -> 24098071
A15: COD | AG15: ="CAP. " & $B$14 & ": " & $C$14 -> CAP. 1: OBRAS | AH15: =ROW($B$14) -> 14
A16: IM0141 | B16: 1.1 | C16: SEÑALIZACION CON CINTA | D16: ML | E16: =6*6+8 -> 44 | F16: =+ANALISIS!H31 -> 1631 | G16: =+F16*E16 -> 71764 | H16: =ANALISIS!#REF! -> #REF! | I16: =ANALISIS!#REF! -> #REF! | J16: 1 | L16: =ROUND(I16 * E16,$J$2) -> #REF! | M16: =ROUND(H16 * E16,$J$2) -> #REF! | N16: =G16*$N$2 -> 71764 | P16: =ROUND(ANALISIS!#REF!*E16,0) -> #REF! | Q16: =ROUND(ANALISIS!#REF!*E16,0) -> #REF! | R16: =ROUND(ANALISIS!#REF!*E16,0) -> #REF! | S16: =ROUND(ANALISIS!#REF!*E16,0) -> #REF! | T16: =P16+Q16+R16+S16 -> #REF! | AG16: ="CAP. " & $B$14 & ": " & $C$14 -> CAP. 1: OBRAS | AH16: =ROW($B$14) -> 14 | AO16: =E16 -> 44 | AQ16: =AO16+AP16 -> 44 | AR16: =F16 -> 1631 | AS16: =ROUND(AQ16 * AR16,$J$2) -> 71764
A17: 081007-1P | B17: 1.2 | C17: DESMONTE DE CUBIERTA H<= 4M (INCLUYE ACARREO MENOR A 2KM Y DISPOSICION) | D17: M2 | E17: =370+6*8+6*9 -> 472 | F17: =+ANALISIS!H51 -> 8767.59 | G17: =+F17*E17 -> 4138302.5 | H17: =ANALISIS!#REF! -> #REF! | I17: =ANALISIS!#REF! -> #REF! | J17: 1 | K17: =ROUNDUP((ANALISIS!#REF!/8)/$J$17,0) -> #REF! | L17: =ROUND(I17 * E17,$J$2) -> #REF! | M17: =ROUND(H17 * E17,$J$2) -> #REF! | N17: =G17*$N$2 -> 4138302.5 | P17: =ROUND(ANALISIS!#REF!*E17,0) -> #REF! | Q17: =ROUND(ANALISIS!#REF!*E17,0) -> #REF! | R17: =ROUND(ANALISIS!#REF!*E17,0) -> #REF! | T17: =P17+Q17+R17+S17 -> #REF! | AG17: ="CAP. " & $B$14 & ": " & $C$14 -> CAP. 1: OBRAS | AH17: =ROW($B$14) -> 14 | AO17: =E17 -> 472 | AQ17: =AO17+AP17 -> 472 | AR17: =F17 -> 8767.59 | AS17: =ROUND(AQ17 * AR17,$J$2) -> 4138302
A18: 080104-2P | B18: 1.3 | C18: =+ANALISIS!C61 -> SUMINISTRO E INSTALACION DE TEJA ZINC TRAPEZOIDAL | D18: M2 | E18: =+E17 -> 472 | F18: =+ANALISIS!H80 -> 40840.105 | G18: =+F18*E18 -> 19276529 | H18: =ANALISIS!#REF! -> #REF! | I18: =ANALISIS!#REF! -> #REF! | J18: 1 | K18: =ROUNDUP((ANALISIS!#REF!/8)/$J$18,0) -> #REF! | L18: =ROUND(I18 * E18,$J$2) -> #REF! | M18: =ROUND(H18 * E18,$J$2) -> #REF! | N18: =G18*$N$2 -> 19276529 | P18: =ROUND(ANALISIS!#REF!*E18,0) -> #REF! | Q18: =ROUND(ANALISIS!#REF!*E18,0) -> #REF! | R18: =ROUND(ANALISIS!#REF!*E18,0) -> #REF! | T18: =P18+Q18+R18+S18 -> #REF! | AG18: ="CAP. " & $B$14 & ": " & $C$14 -> CAP. 1: OBRAS | AH18: =ROW($B$14) -> 14 | AO18: =E18 -> 472 | AQ18: =AO18+AP18 -> 472 | AR18: =F18 -> 40840.105 | AS18: =ROUND(AQ18 * AR18,$J$2) -> 19276529
B19: 1.4 | C19: SUMINISTRO E INSTALACION DE CANALES METALICOS (INCLUYE TAPAS, CODO Y BAJANTE) | D19: ML | E19: =36+12 -> 48 | F19: =+ANALISIS!H102 -> 26858 | G19: =+F19*E19 -> 1289184
A20: 080207-3P | B20: 1.5 | C20: ASEO GENERAL | D20: M2 | E20: =+E18 -> 472 | F20: 1295.4995 | G20: =+F20*E20 -> 611475.76 | H20: =ANALISIS!#REF! -> #REF! | I20: =ANALISIS!#REF! -> #REF! | J20: 1 | K20: =ROUNDUP((ANALISIS!#REF!/8)/$J$20,0) -> #REF! | L20: =ROUND(I20 * E20,$J$2) -> #REF! | M20: =ROUND(H20 * E20,$J$2) -> #REF! | N20: =G20*$N$2 -> 611475.76 | P20: =ROUND(ANALISIS!#REF!*E20,0) -> #REF! | Q20: =ROUND(ANALISIS!#REF!*E20,0) -> #REF! | R20: =ROUND(ANALISIS!#REF!*E20,0) -> #REF! | S20: =ROUND(ANALISIS!#REF!*E20,0) -> #REF! | T20: =P20+Q20+R20+S20 -> #REF! | AG20: ="CAP. " & $B$14 & ": " & $C$14 -> CAP. 1: OBRAS | AH20: =ROW($B$14) -> 14 | AO20: =E20 -> 472 | AQ20: =AO20+AP20 -> 472 | AR20: =F20 -> 1295.4995 | AS20: =ROUND(AQ20 * AR20,$J$2) -> 611476
A22: SUBTTL | F22: =IF($A$2="CD","VALOR COSTOS DIRECTOS",IF($A$2="CT","VALOR TOTAL " & E7,"Correg CT")) -> VALOR COSTOS DIRECTOS | G22: =SUM(G16:G21) -> 25387256 | L22: =SUM(L12:L21) -> #REF! | M22: =SUM(M12:M21) -> #REF! | N22: =+G22*$N$2 -> 25387256 | P22: =SUM(P12:P21)/2 -> #REF! | Q22: =SUM(Q12:Q21)/2 -> #REF! | R22: =SUM(R12:R21)/2 -> #REF! | S22: =SUM(S12:S21)/2 -> #REF! | T22: =SUM(T12:T21)/2 -> #REF! | AR22: =F22 -> VALOR COSTOS DIRECTOS | AS22: =SUM(AS12:AS21)/3 -> 16065381
N23: =IF($A$2="CD",M22-N22,IF($A$2="CT",L22-N22,"")) -> #REF!
A24: SUBTTLOC | F24: VALOR COSTOS DIRECTOS OBRA CIVIL | N24: =+G24*$N$2 -> 0 | P24: =SUM(P14:P22)/2 -> #REF! | AR24: VALOR COSTOS DIRECTOS OBRA CIVIL
N25: =IF($A$2="CD",M24-N24,IF($A$2="CT",L24-N24,"")) -> 0
A26: SUBTTLSM | F26: VALOR COSTOS DIRECTOS SUMINISTRO | N26: =+G26*$N$2 -> 0 | P26: =SUM(P22:P24)/2 -> #REF! | AR26: VALOR COSTOS DIRECTOS SUMINISTRO
G27: =IF((G24+G26)<>SbtPpto,"NO COINCIDEN LOS SUBTOTALES","") -> NO COINCIDEN LOS SUBTOTALES | N27: =IF($A$2="CD",M26-N26,IF($A$2="CT",L26-N26,"")) -> 0
A28: COSTINDOC | C28: COSTOS INDIRECTOS OBRA CIVIL | AO28: COSTOS INDIRECTOS OBRA CIVIL
A29: TTLCDOC | F29: VALOR COSTOS DIRECTOS OBRA CIVIL | G29: =G24 -> 0 | N29: =G29*$N$2 -> 0 | AR29: VALOR COSTOS DIRECTOS OBRA CIVIL | AS29: =AS24 -> 0
A30: ADMOC | E30: ADMINISTRACION | F30: 0.22 | G30: =ROUND(G29*F30,0) -> 0 | N30: =G30*$N$2 -> 0 | AQ30: ADMINISTRACION | AR30: =F30 -> 0.22 | AS30: =ROUND(AS29*AR30,0) -> 0
A31: IMPROC | E31: IMPREVISTOS | F31: 0.03 | G31: =ROUND(G29*F31,0) -> 0 | N31: =G31*$N$2 -> 0 | AQ31: IMPREVISTOS | AR31: =F31 -> 0.03 | AS31: =ROUND(AS29*AR31,0) -> 0
A32: UTLOC | E32: UTILIDAD | F32: 0.05 | G32: =ROUND(G29*F32,0) -> 0 | N32: =G32*$N$2 -> 0 | AQ32: UTILIDAD | AR32: =F32 -> 0.05 | AS32: =ROUND(AS29*AR32,0) -> 0
A33: TTLAIUOC | E33: TOTAL AIU | F33: =SUM(F30:F32) -> 0.3 | G33: =SUM(G30:G32) -> 0 | M33: =+TtlCD*M31 -> 0 | N33: =G33*$N$2 -> 0 | AQ33: TOTAL AIU | AR33: =SUM(AR30:AR32) -> 0.3 | AS33: =SUM(AS30:AS32) -> 0
A34: IVAOC | E34: IVA SOBRE LA UTILIDAD | F34: 0.19 | G34: =ROUND(G32*F34,0)-(M35) -> 0 | N34: =G34*$N$2 -> 0 | AQ34: IVA SOBRE LA UTILIDAD | AR34: =F34 -> 0.19 | AS34: =ROUND(AS32*AR34,0)-(AY35) -> 0
A35: TTLPPTOOC | F35: VALOR TOTAL PRESUPUESTO DE OBRA CIVIL | G35: =G29+G33+G34 -> 0 | H35: =+H33+H29+H34 -> 0 | I35: =ROUND(G35-#REF!,4) -> #REF! | J35: =+J33+J29+J34 -> 0 | K35: =+K33+K29+K34 -> 0 | L35: =+L33+L29+L34 -> 0 | N35: =G35*$N$2 -> 0 | AR35: VALOR TOTAL PRESUPUESTO DE OBRA CIVIL | AS35: =AS29+AS33+AS34 -> 0
A37: COSTINDSM | C37: COSTOS INDIRECTOS SUMINISTRO | AO37: COSTOS INDIRECTOS SUMINISTRO
A38: TTLCDSM | F38: VALOR COSTOS DIRECTOS SUMINISTRO | G38: =G26 -> 0 | N38: =G38*$N$2 -> 0 | AR38: VALOR COSTOS DIRECTOS SUMINISTRO | AS38: =AS26 -> 0
A39: ADMSM | E39: ADMINISTRACION | F39: 0.17 | G39: =ROUND(G38*F39,0) -> 0 | N39: =G39*$N$2 -> 0 | AQ39: ADMINISTRACION | AR39: =F39 -> 0.17 | AS39: =ROUND(AS38*AR39,0) -> 0
A40: IMPRSM | E40: IMPREVISTOS | F40: 0.01 | G40: =ROUND(G38*F40,0) -> 0 | M40: =1+(Adm+Imprev+Utilidad+IvaSUtl*Utilidad) -> 1.28 | N40: =G40*$N$2 -> 0 | AQ40: IMPREVISTOS | AR40: =F40 -> 0.01 | AS40: =ROUND(AS38*AR40,0) -> 0
A41: UTLSM | E41: UTILIDAD | F41: 0.01 | G41: =ROUND(G38*F41,0) -> 0 | N41: =G41*$N$2 -> 0 | AQ41: UTILIDAD | AR41: =F41 -> 0.01 | AS41: =ROUND(AS38*AR41,0) -> 0
A42: TTLAIUSM | E42: TOTAL AIU | F42: =SUM(F39:F41) -> 0.19 | G42: =SUM(G39:G41) -> 0 | M42: =+TtlCD*M40 -> 32495687 | N42: =G42*$N$2 -> 0 | AQ42: TOTAL AIU | AR42: =SUM(AR39:AR41) -> 0.19 | AS42: =SUM(AS39:AS41) -> 0
A43: IVASM | E43: IVA SOBRE LA UTILIDAD | F43: 0.19 | G43: =ROUND(G41*F43,0)-(M44) -> 0 | N43: =G43*$N$2 -> 0 | AQ43: IVA SOBRE LA UTILIDAD | AR43: =F43 -> 0.19 | AS43: =ROUND(AS41*AR43,0)-(AY44) -> 0
A44: TTLPPTOSM | F44: VALOR TOTAL PRESUPUESTO DE SUMINISTRO | G44: =G38+G42+G43 -> 0 | H44: =+H42+H38+H43 -> 0 | I44: =ROUND(G44-G2,4) -> #REF! | J44: =+J42+J38+J43 -> 0 | K44: =+K42+K38+K43 -> 0 | L44: =+L42+L38+L43 -> 0 | N44: =G44*$N$2 -> 0 | AR44: VALOR TOTAL PRESUPUESTO DE SUMINISTRO | AS44: =AS38+AS42+AS43 -> 0
A47: COSTIND | C47: COSTOS INDIRECTOS | AO47: COSTOS INDIRECTOS
A48: TTLOC | F48: COSTO TOTAL OBRA CIVIL | G48: =G35 -> 0 | AR48: COSTO TOTAL OBRA CIVIL | AS48: =AS35 -> 0
A49: TTLSM | F49: COSTO TOTAL SUMINISTRO | G49: =G44 -> 0 | AR49: COSTO TOTAL SUMINISTRO | AS49: =AS44 -> 0
A50: TTLCD | F50: VALOR COSTOS DIRECTOS | G50: =+SbtPpto -> 25387256 | N50: =G50*$N$2 -> 25387256 | AR50: VALOR COSTOS DIRECTOS | AS50: =ROUND(IF($A$2="CD",AS22,IF($A$2="CT",AS22/(1+(Adm + Imprev + Utilidad + IvaSUtl*Utilidad)))),0) -> 16065381
A51: ADM | E51: ADMINISTRACION | F51: 0.25 | G51: =+TtlCD*Adm -> 6346813.9 | N51: =G51*$N$2 -> 6346813.9 | AQ51: ADMINISTRACION | AR51: =F51 -> 0.25 | AS51: =ROUND(AS50*AR51,0) -> 4016345
A52: IMPR | E52: IMPREVISTOS | F52: 0.03 | G52: =+TtlCD*Imprev -> 761617.67 | M52: =1+(Adm+Imprev+Utilidad+IvaSUtl*Utilidad) -> 1.28 | N52: =G52*$N$2 -> 761617.67 | AQ52: IMPREVISTOS | AR52: =F52 -> 0.03 | AS52: =ROUND(AS50*AR52,0) -> 481961
A53: UTL | E53: UTILIDAD | F53: 0 | G53: =ROUND(G50*F53,0) -> 0 | N53: =G53*$N$2 -> 0 | AQ53: UTILIDAD | AR53: =F53 -> 0 | AS53: =ROUND(AS50*AR53,0) -> 0
E54: UTILIDAD | F54: 0.05 | G54: =+TtlCD*F54 -> 1269362.8
A55: TTLAIU | E55: TOTAL AIU | F55: =SUM(F51:F54) -> 0.33 | G55: =+TtlCD*F55 -> 8377794.4 | M55: =+TtlCD*M52 -> 32495687 | N55: =G55*$N$2 -> 8377794.4 | AQ55: TOTAL AIU | AR55: =SUM(AR51:AR53) -> 0.28 | AS55: =SUM(AS51:AS53) -> 4498306
A56: IVA | E56: IVA SOBRE LA UTILIDAD | F56: 0 | G56: =ROUND(G53*F56,0)-(M57) -> 0 | N56: =G56*$N$2 -> 0 | AQ56: IVA SOBRE LA UTILIDAD | AR56: =F56 -> 0 | AS56: =ROUND(AS53*AR56,0)-(AY57) -> 0
A57: TTLPPTO | F57: VALOR TOTAL PRESUPUESTO | G57: =G50+G55+G56 -> 33765050 | H57: =+H55+H50+H56 -> 0 | I57: =ROUND(G57-G22,4) -> 8377794.4 | J57: =+J55+J50+J56 -> 0 | K57: =+K55+K50+K56 -> 0 | L57: =+L55+L50+L56 -> 0 | N57: =G57*$N$2 -> 33765050 | AR57: VALOR TOTAL CONTRATO | AS57: =AS50+AS55+AS56 -> 20563687
G58: =IF(A2="CT",IF(I57<>0,"Ubiquese en la celda inmediatamente superior (TOTAL) y presione CAMBIAR",0),0) -> 0
A59: IVAMANT | E59: IVA SOBRE COSTOS DIRECTOS + INDIRECTOS | F59: 0 | G59: =G71*F59 -> 0 | AQ59: IVA SOBRE C. DIRECTOS + INDIRECTOS | AR59: =F59 -> 0 | AS59: =AS71*AR59 -> 0
A61: OUT_AIU | C61: ITEMS POR FUERA DE AIU: | AO61: ITEMS POR FUERA DE AIU
A63: CAP | B63: # | C63: ESCRIBA AQUÍ EL NOMBRE DEL CAPITULO | G63: =SUM(G64:G65) -> 0 | N63: =SUM(N64:N65) -> 0 | U63: =IF(G63<>"",N63-G63*$N$2,0) -> 0 | V63: . | AG63: ="CAP. " & $B$63 & ": " & $C$63 -> CAP. #: ESCRIBA AQUÍ EL NOMBRE DEL CAPITULO | AH63: =ROW($B$63) -> 63 | AS63: =SUM(AS64:AS65) -> 0
A64: COD | AG64: ="CAP. " & $B$63 & ": " & $C$63 -> CAP. #: ESCRIBA AQUÍ EL NOMBRE DEL CAPITULO | AH64: =ROW($B$63) -> 63
AG65: ="CAP. " & $B$63 & ": " & $C$63 -> CAP. #: ESCRIBA AQUÍ EL NOMBRE DEL CAPITULO | AH65: =ROW($B$63) -> 63
A66: STCAP | F66: =IF(C63="ESCRIBA AQUÍ EL NOMBRE DEL CAPITULO","SUBTOTAL","SUBTOTAL CAP. "&B63&" "&C63&":") -> SUBTOTAL | G66: =SUM(G64:G65) -> 0 | N66: =SUM(N64:N65) -> 0 | P66: =SUM(P63:P65) -> 0 | Q66: =SUM(Q63:Q65) -> 0 | R66: =SUM(R63:R65) -> 0 | S66: =SUM(S63:S65) -> 0 | T66: =SUM(T63:T65) -> 0 | AG66: ="CAP. " & $B$63 & ": " & $C$63 -> CAP. #: ESCRIBA AQUÍ EL NOMBRE DEL CAPITULO | AH66: =ROW($B$63) -> 63 | AS66: =SUM(AS64:AS65) -> 0
A68: STOUTAIU | F68: ="VALOR TOTAL " & C61 -> VALOR TOTAL ITEMS POR FUERA DE AIU: | G68: =SUM(G61:G66)/3 -> 0 | AR68: VALOR TOTAL ITEMS POR FUERA DE AIU | AS68: =SUM(AS61:AS66)/2 -> 0
A70: INTERV | E70: INTERVENTORIA | F70: 0 | G70: 0 | AQ70: INTERVENTORIA | AR70: =F70 -> 0 | AS70: =ROUND(AS57*AR70,0) -> 0
A71: SUBTTLF | F71: TOTAL | G71: =G57+G70 -> 33765050 | AR71: TOTAL | AS71: =AS57+AS70 -> 20563687
A73: TTLPPTOF | F73: VALOR TOTAL PRESUPUESTO | G73: =G71+G59+G68 -> 33765050 | AR73: VALOR TOTAL CONTRATO | AS73: =AS71+AS59+AS68 -> 20563687
A75: VRLTR | C75: =IF(N2>1,"VALOR " &E7 & " POR " &N1& ":","VALOR TOTAL " & E7 & ":") -> VALOR TOTAL PRESUPUESTO:
C76: TREINTA Y TRES MILLONES SETECIENTOS SESENTA Y CINCO MIL CINCUENTA DE PESOS M/CTE
A80: DURAC | D80: PLAZO DE ENTREGA: (DIAS CALENDARIO) | G80: 30
I81: =IF(G81>9,I56 / G81 * 8,0) -> 0
B87: JUAN FERNANDO IBARRA ESPINOSA
B88: Secretario de infraestructura y Vivieda Municipal

Sheet ANALISIS
B1: 1 | D1: Aplicación SAGUT Cel. 310 824 6976 | F1: ="Duración" & 'PRESUPUESTO ALCALDIA'!G80 & " Días" -> Duración30 Días | G1: Vr. Presup. | H1: ='PRESUPUESTO ALCALDIA'!G1 -> 33765050 | Q1: calima
A2: ='PRESUPUESTO ALCALDIA'!A2 -> CD | I2: 1 | Q2: calima | R2: 0.1
A3: 1 | D3: ='PRESUPUESTO ALCALDIA'!A2 -> CD | E3: =SUM(F3:H3) -> 0.28 | F3: =Adm -> 0.25 | G3: =Imprev -> 0.03 | H3: =Utilidad -> 0 | I3: ='PRESUPUESTO ALCALDIA'!F56 -> 0 | J3: MODIF
C4: ='PRESUPUESTO ALCALDIA'!B7 -> ALCALDIA MUNICIPAL DE PATIA | F4: ANALISIS DE PRECIOS UNITARIOS
C6: ='PRESUPUESTO ALCALDIA'!C9 -> REALIZAR LA REPARACION DE LA CUBIERTA DEL INMUEBLE UBICADO EN LA CARRERA 3 No. 4-37 DE EL BORDO CAUCA DE PROPIEDAD DE LA ADMINISTRACION MUNICIPAL DE PATIA CAUCA. | G6: FECHA: | H6: ='PRESUPUESTO ALCALDIA'!G9 -> 45861
A10: ITEM IM0141 | C10: SEÑALIZACION CON CINTA | H10: Unidad: ML | I10: CANT. TOTAL | J10: VR. TOTAL
H11: ="ITEM: "&'[2]PRESUPUESTO ALCALDIA'!B17 -> ITEM: 1,2 | I11: ='[2]PRESUPUESTO ALCALDIA'!$AQ$16 -> 36
A12: CODIGO | C12: DESCRIPCION | D12: UND | E12: CANT. | F12: DESP.% | G12: PRECIO UNIT | H12: VALOR TOTAL | J12: VALOR TOTAL
A14: G1 | C14: MATERIALES
A15: ME0109 | B15: BASICO | C15: =+C69 -> MANO DE OBRA | D15: M3 | E15: 0.001 | F15: 0 | G15: =+H43 -> 2200 | H15: =TRUNC(E15* (1 + F15 / 100) * G15,2) -> 2.2 | I15: =I11 * (E15 * (1+F15/100)) -> 0.036 | J15: =H15 * I11 -> 79.2
A16: 101008 | B16: HIERROS | C16: HIERRO de 60000 PSI 420 MPA | D16: KLS | E16: 0.1 | F16: 0 | G16: 7500 | H16: =TRUNC(E16* (1 + F16 / 100) * G16,2) -> 750 | I16: =I11 * (E16 * (1+F16/100)) -> 3.6 | J16: =H16 * I11 -> 27000
A17: 105037 | B17: VARIOS | C17: CINTA SEGURIDAD PREVENTIVA ROLLO 500M - 7CM | D17: ROL | E17: 0.0022 | F17: 0 | G17: 35000 | H17: =TRUNC(E17* (1 + F17 / 100) * G17,2) -> 77 | I17: =I11 * (E17 * (1+F17/100)) -> 0.0792 | J17: =H17 * I11 -> 2772
A18: STG1 | G18: SUBTOTAL MATERIALES | H18: =SUM(H14:H17) -> 829.2 | J18: =SUM(J14:J17) -> 29851.2
A20: G2 | C20: MANO DE OBRA
C21: 1 AYUDANTE | D21: DIA | E21: 0.013 | F21: 1 | G21: 80000 | H21: =+G21*F21*E21 -> 1040
A24: G3 | C24: EQUIPO
A25: 300026 | B25: EQUIPO | C25: HERRAMIENTA MENOR | D25: GLB | E25: 0.167 | G25: 1690 | H25: =TRUNC(E25* (1 + F25 / 100) * G25,2) -> 282.23 | I25: =I11 * (E25 * (1+F25/100)) -> 6.012 | J25: =H25 * I11 -> 10160.28
A26: STG3 | G26: SUBTOTAL EQUIPO | H26: =SUM(H24:H25) -> 282.23 | J26: =SUM(J24:J25) -> 10160.28
A27: G4 | C27: OTROS
A29: STG4 | G29: SUBTOTAL OTROS | H29: =SUM(H27:H28) -> 0 | J29: =SUM(J27:J28) -> 0
A31: C.D. | F31: COSTO DIRECTO | H31: =IF($A$2="CD",IF($A$3=1,ROUND(SUM(H12:H30)/2,0),IF($A$3=3,ROUND(SUM(H12:H30)/2,-1),SUM(H12:H30)/2)),SUM(H12:H30)/2) -> 1631 | I31: =SUM(J12:J30)/2 -> 40011.48 | J31: =IF($A$2="CD",IF($A$3=1,ROUND(SUM(J12:J30)/2,0),IF($A$3=3,ROUND(SUM(J12:J30)/2,-1),SUM(J12:J30)/2)),SUM(J12:J30)/2) -> 40011
A33: ITEM 240505 | C33: DESMONTE DE CUBIERTA H<= 4M (INCLUYE ACARREO Y DISPOSICION FINAL SEGÚN SUPERVISOR) | H33: Unidad: M2 | I33: CANT. TOTAL | J33: VR. TOTAL
A35: CODIGO | C35: DESCRIPCION | D35: UND | E35: CANT. | F35: DESP.% | G35: PRECIO UNIT | H35: VALOR TOTAL | J35: VALOR TOTAL
A37: G2 | C37: MANO DE OBRA
A38: 200006 | B38: MANO DE OBRA | C38: M.O. ALBANILERIA 1 AYUDANTE | D38: HC | E38: 0.28 | G38: 11250 | H38: =+G38*E38 -> 3150 | I38: =I34 * (E38 * (1+F38/100)) -> 0 | J38: 0
A39: 200017 | B39: MANO DE OBRA | C39: M.O. CARGUE Y DESCARGUE 1 AYUDANTE-1 OFI | D39: HC | E39: 0.1 | G39: 25709 | H39: =+G39*E39 -> 2570.9 | I39: =I35 * (E39 * (1+F39/100)) -> 0 | J39: 0
A40: STG2 | G40: SUBTOTAL MANO DE OBRA | H40: =SUM(H38:H39) -> 5720.9 | J40: 0
A41: G3 | C41: TRANSPORTE
A42: 300026 | B42: EQUIPO | C42: ACARREO DE MATERIAL SOBRANTE < 2KM | D42: ACARREO | E42: 1 | G42: 2200 | H42: =+G42*E42 -> 2200 | I42: =I80 * (E42 * (1+F42/100)) -> 0 | J42: 0
A43: STG3 | G43: SUBTOTAL TRANSPORTE | H43: =+H42 -> 2200 | J43: 0
A44: G3 | C44: EQUIPO
A45: 300026 | B45: EQUIPO | C45: HERRAMIENTA MENOR | D45: GLB | E45: 0.501 | G45: 1690 | H45: =+G45*E45 -> 846.69 | I45: =I34 * (E45 * (1+F45/100)) -> 0 | J45: 0
A46: STG3 | G46: SUBTOTAL EQUIPO | H46: 846.69 | J46: 0
A47: G4 | C47: OTROS
A49: STG4 | G49: SUBTOTAL OTROS | H49: 0 | J49: 0
A51: C.D. | F51: COSTO DIRECTO | G51: 18924.14 | H51: =+H40+H43+H46 -> 8767.59 | I51: =SUM(J35:J50)/2 -> 0 | J51: 0
A52: EM_AIU | C52: COSTOS INDIRECTOS
A53: ADM | C53: ADMINISTRACION | F53: =$F$3 -> 0.25 | H53: 0 | J53: 0
A54: IMP | C54: IMPREVISTOS | F54: =$G$3 -> 0.03 | H54: 0 | J54: 0
A55: UTL | C55: UTILIDAD | F55: =$H$3 -> 0 | H55: 0 | J55: 0
A56: IVA | C56: IVA SOBRE LA UTILIDAD | F56: =$I$3 -> 0 | H56: 0 | J56: 0
A57: STAIU | C57: TOTAL COSTOS INDIRECTOS | H57: 0 | J57: 0
A58: TTL | F58: VALOR TOTAL ITEM | G58: 18920 | H58: 18920 | J58: 0
A61: ITEM 180816 | C61: SUMINISTRO E INSTALACION DE TEJA ZINC TRAPEZOIDAL | H61: Unidad: M2 | I61: CANT. TOTAL | J61: VR. TOTAL
A63: CODIGO | C63: DESCRIPCION | D63: UND | E63: CANT. | F63: DESP.% | G63: PRECIO UNIT | H63: VALOR TOTAL | J63: VALOR TOTAL
A65: G1 | C65: MATERIALES
A66: 101876 | B66: CUBIERTA | C66: TEJA ZINC TRAPEZOIDAL UTIL 6M X 0,8M | D66: UND | E66: =1/4.8 -> 0.20833333 | G66: =76000*1.19 -> 90440 | H66: =+G66*E66 -> 18841.667 | I66: =I62 * (E66 * (1+F66/100)) -> 0 | J66: 0
A67: 100084 | B67: CUBIERTA | C67: TORNILLO ZIN 3/4 | D67: UND | E67: 4 | G67: 200 | H67: =+G67*E67 -> 800 | I67: =I62 * (E67 * (1+F67/100)) -> 0 | J67: 0
A68: STG1 | G68: SUBTOTAL MATERIALES | H68: =SUM(H66:H67) -> 19641.667 | J68: 0
A69: G2 | C69: MANO DE OBRA
A70: 200017 | B70: MANO DE OBRA | C70: M.O. CARP.TALLER 1 AYUDANTE-1 OFI | D70: HC | E70: 0.8 | G70: 25709 | H70: =+G70*E70 -> 20567.2 | I70: =I62 * (E70 * (1+F70/100)) -> 0 | J70: 0
A71: STG2 | G71: SUBTOTAL MANO DE OBRA | H71: =+H70 -> 20567.2 | J71: 0
A72: G3 | C72: EQUIPO
A73: 300002 | B73: EQUIPO | C73: ANDAMIO METALICO TUBULAR | D73: U/D | E73: 0.199 | G73: 1162 | H73: =+G73*E73 -> 231.238 | I73: =I62 * (E73 * (1+F73/100)) -> 0 | J73: 0
A74: 300002 | B74: EQUIPO | C74: ESLINGAS, ARNES Y LINEA DE VIDA | D74: GLB | E74: 1 | G74: 400 | H74: =+G74*E74 -> 400 | I74: =I63 * (E74 * (1+F74/100)) -> 0 | J74: 0
A75: STG3 | G75: SUBTOTAL EQUIPO | H75: =SUM(H73:H74) -> 631.238 | J75: 0
A76: G4 | C76: OTROS
A78: STG4 | G78: SUBTOTAL OTROS | H78: 0 | J78: 0
A80: C.D. | F80: COSTO DIRECTO | G80: 24856.23 | H80: =+H75+H71+H68 -> 40840.105 | I80: =SUM(J63:J79)/2 -> 0 | J80: 0
A83: ITEM 180816 | C83: SUMINISTRO E INSTALACION DE CANALES METALICOS (INCLUYE TAPAS, CODO Y BAJANTE) | H83: Unidad: ML | I83: CANT. TOTAL | J83: VR. TOTAL
A85: CODIGO | C85: DESCRIPCION | D85: UND | E85: CANT. | F85: DESP.% | G85: PRECIO UNIT | H85: VALOR TOTAL | J85: VALOR TOTAL
A87: G1 | C87: MATERIALES
A88: 101876 | B88: CUBIERTA | C88: CANAL GALVANIZADO PINTADO | D88: ML | E88: 1 | G88: 21000 | H88: =+G88*E88 -> 21000 | I88: =I84 * (E88 * (1+F88/100)) -> 0 | J88: 0
A89: 100084 | B89: CUBIERTA | C89: TORNILLO ZIN 3/4 | D89: UND | E89: 2 | G89: 200 | H89: =+G89*E89 -> 400 | I89: =I84 * (E89 * (1+F89/100)) -> 0 | J89: 0
A90: STG1 | G90: SUBTOTAL MATERIALES | H90: =SUM(H88:H89) -> 21400 | J90: 0
A91: G2 | C91: MANO DE OBRA
A92: 200017 | B92: MANO DE OBRA | C92: M.O. CARP.TALLER 1 AYUDANTE-1 OFI | D92: HC | E92: 0.2 | G92: 25709 | H92: =+G92*E92 -> 5141.8 | I92: =I84 * (E92 * (1+F92/100)) -> 0 | J92: 0
A93: STG2 | G93: SUBTOTAL MANO DE OBRA | H93: =+H92 -> 5141.8 | J93: 0
A94: G3 | C94: EQUIPO
A95: 300002 | B95: EQUIPO | C95: ANDAMIO METALICO TUBULAR | D95: U/D | E95: 0.1 | G95: 1162 | H95: =+G95*E95 -> 116.2 | I95: =I84 * (E95 * (1+F95/100)) -> 0 | J95: 0
A96: 300002 | B96: EQUIPO | C96: ESLINGAS, ARNES Y LINEA DE VIDA | D96: GLB | E96: 0.5 | G96: 400 | H96: =+G96*E96 -> 200 | I96: =I85 * (E96 * (1+F96/100)) -> 0 | J96: 0
A97: STG3 | G97: SUBTOTAL EQUIPO | H97: =SUM(H95:H96) -> 316.2 | J97: 0
A98: G4 | C98: OTROS
A100: STG4 | G100: SUBTOTAL OTROS | H100: 0 | J100: 0
A102: C.D. | F102: COSTO DIRECTO | G102: 24856.23 | H102: =+H97+H93+H90 -> 26858 | I102: =SUM(J85:J101)/2 -> 0 | J102: 0
A105: ITEM 310105 | C105: ASEO GENERAL | H105: Unidad: M2 | I105: CANT. TOTAL | J105: VR. TOTAL
A107: CODIGO | C107: DESCRIPCION | D107: UND | E107: CANT. | F107: DESP.% | G107: PRECIO UNIT | H107: VALOR TOTAL | J107: VALOR TOTAL
A109: G2 | C109: MANO DE OBRA
A110: 200006 | B110: MANO DE OBRA | C110: M.O. ALBANILERIA 1 AYUDANTE | D110: HC | E110: 0.01 | G110: 11250 | H110: =+G110*E110 -> 112.5 | I110: =I106 * (E110 * (1+F110/100)) -> 0 | J110: 0
A111: STG2 | G111: SUBTOTAL MANO DE OBRA | H111: =+H110 -> 112.5 | J111: 0
A112: G3 | C112: EQUIPO
A113: 300026 | B113: EQUIPO | C113: IMPLEMENTOS DE ASEO ESCOBA, TRAPERO Y JABON | D113: GLB | E113: 0.7 | G113: 1690 | H113: =+G113*E113 -> 1183 | I113: =I106 * (E113 * (1+F113/100)) -> 0 | J113: 0
A114: STG3 | G114: SUBTOTAL EQUIPO | H114: =+H113 -> 1183 | J114: 0
A115: G4 | C115: OTROS
A117: STG4 | G117: SUBTOTAL OTROS | H117: 0 | J117: 0
A119: C.D. | F119: COSTO DIRECTO | G119: 1911.62 | H119: =+H114+H111 -> 1295.5 | I119: =SUM(J107:J118)/2 -> 0 | J119: 0
A120: EM_AIU | C120: COSTOS INDIRECTOS
A121: ADM | C121: ADMINISTRACION | F121: =$F$3 -> 0.25 | H121: 0 | J121: 0
A122: IMP | C122: IMPREVISTOS | F122: =$G$3 -> 0.03 | H122: 0 | J122: 0
A123: UTL | C123: UTILIDAD | F123: =$H$3 -> 0 | H123: 0 | J123: 0
A124: IVA | C124: IVA SOBRE LA UTILIDAD | F124: =$I$3 -> 0 | H124: 0 | J124: 0
A125: STAIU | C125: TOTAL COSTOS INDIRECTOS | H125: 0 | J125: 0
A126: TTL | F126: VALOR TOTAL ITEM | G126: 1910 | H126: 1910 | J126: 0
